 Dungeon Crawl Stone Soup version 0.17.0-18-gaab0e96 (console) character file.

44 gw the Gusty (level 3, -1/20 HPs)
             Began as a Tengu Air Elementalist on Nov 11, 2015.
             Slain by Ijyb (3 damage)
             ... on level 2 of the Dungeon.
             The game lasted 00:01:41 (2597 turns).

gw the Gusty (Tengu Air Elementalist)               Turns: 2597, Time: 00:01:42

Health: -1/20      AC:  2    Str:  8    XL:     3   Next: 62%
Magic:  0/7        EV: 13    Int: 16    God:
Gold:   4          SH:  0    Dex: 14    Spells: 3 memorised, 2 levels left

rFire  . . .     SeeInvis .     b - +0 mace
rCold  . . .     Clarity  .     a - +0 robe
rNeg   . . .     SustAt   .     (no shield)
rPois  .         Gourm    .     (helmet restricted)
rElec  .         Spirit   .     (no cloak)
rCorr  .         Warding  .     (no gloves)
rMut   .         Stasis   .     (boots unavailable)
MR     .....                    (no amulet)
Stlth  ++........               (no ring)
                                (no ring)

@: repel missiles, not resistant to hostile enchantments, unstealthy
A: beak, talons 3
a: no special abilities


You were on level 2 of the Dungeon.
You were not hungry.

You visited 1 branch of the dungeon, and saw 2 of its levels.

You collected 4 gold pieces.

Inventory:

Hand Weapons
 b - a +0 mace (weapon)
Missiles
 c - 15 poisoned needles
 d - 39 stones
 e - 5 javelins (quivered)
Armour
 a - a +0 robe (worn)
Books
 f - a book of Air

   Spells                             Type                      Level
   a - Shock                          Conjuration/Air              1
   b - Swiftness                      Charms/Air                   2
   c - Repel Missiles                 Charms/Air                   2
   d - Static Discharge               Conjuration/Air              3
   e - Lightning Bolt                 Conjuration/Air              5


   Skills:
 + Level 1.3 Fighting
 + Level 0.0 Maces & Flails
 + Level 2.9 Dodging
 - Level 2.0 Stealth
 * Level 2.6 Spellcasting
 - Level 1.3 Conjurations
 + Level 4.3 Air Magic


You had 2 spell levels left.
You knew the following spells:

 Your Spells              Type           Power        Failure   Level  Hunger
a - Shock                 Conj/Air       ##..         8%          1    #......
b - Swiftness             Chrm/Air       #.......     14%         2    ##.....
c - Repel Missiles        Chrm/Air       #.....       14%         2    ##.....


Dungeon Overview and Level Annotations

Branches:
Dungeon (2/15)

Altars:

Annotations:
D:2 Ijyb


Innate Abilities, Weirdness & Mutations

You have a beak for a mouth.
You have claws for feet.


Message History

Ijyb closely misses you. x2
Unknown command.
Unknown command.
Unknown command.
Unknown command.
FLEEEEING!
ATTACKING (1,-1)
You barely miss Ijyb.
Ijyb is lightly wounded.
Ijyb hits you but does no damage.
Unknown command.
Unknown command.
Unknown command.
Unknown command.
FLEEEEING!
ATTACKING (1,-1)
You hit Ijyb but do no damage. You claw Ijyb, but do no damage.
Ijyb is lightly wounded.
Ijyb hits you. x2
You die...

####### #.#.##
#.(..... #. #
#......# #.##
......######## #...
....!.......# #...
#.........# #...
#..?......####+#...
#%.g....).........)
##Q#######.........
#.# ####.........
#+# #.........#..
#.........#..
+.........#..
#............
#....(.......
#............
#..)[......##


You could see Ijyb.

Table legend:
 A = Turns spent in this place as a percentage of turns spent in the entire game.
 B = Non-inter-level travel turns spent in this place as a percentage of non-inter-level travel turns spent in the entire game.
 C = Inter-level travel turns spent in this place as a percentage of turns spent in this place.
 D = Turns resting spent in this place as a percentage of non-inter-level travel turns spent in this place.
 E = Turns spent auto-exploring this place as a percentage of non-inter-level travel turns spent in this place.
 F = Non-inter-level travel turns spent in this place divided by the number of levels of this place that you've seen.
                   A       B       C       D       E      F
               +-------+-------+-------+-------+-------+----------------------
         Total | 100.0 | 100.0 |   0.2 |   3.1 |   2.5 | 1144.0
       Dungeon | 100.0 | 100.0 |   0.2 |   3.1 |   2.5 | 1144.0
               +-------+-------+-------+-------+-------+----------------------

Table legend:
 A = Kills in this place as a percentage of kills in entire the game.
 B = Kills by you in this place as a percentage of kills by you in the entire game.
 C = Kills by friends in this place as a percentage of kills by friends in the entire game.
 D = Other kills in this place as a percentage of other kills in the entire game.
 E = Experience gained in this place as a percentage of experience gained in the entire game.
 F = Experience gained in this place divided by the number of levels of this place that you have seen.
                   A       B       C       D       E      F
               +-------+-------+-------+-------+-------+----------------------
         Total | 100.0 | 100.0 |  -nan |  -nan | 100.0 |  32.0
       Dungeon | 100.0 | 100.0 |  -nan |  -nan | 100.0 |  32.0
               +-------+-------+-------+-------+-------+----------------------

Vanquished Creatures
  An ooze (D:1)
  2 giant geckos
  2 goblins (D:1)
  A hobgoblin (D:1)
  10 jackals (D:1)
  5 kobolds (D:1)
  4 bats
  A giant cockroach (D:1)
  5 giant newts
  8 rats
39 creatures vanquished.

Notes
Turn   | Place    | Note
--------------------------------------------------------------
     0 | D:1      | gw the Tengu Air Elementalist began the quest for the Orb.
     0 | D:1      | Reached XP level 1. HP: 10/10 MP: 4/4
   548 | D:1      | Reached XP level 2. HP: 14/16 MP: 4/6
   583 | D:1      | Learned a level 2 spell: Swiftness
   586 | D:1      | Learned a level 2 spell: Repel Missiles
   773 | D:1      | Reached skill level 1 in Fighting
  1290 | D:1      | Reached XP level 3. HP: 16/20 MP: 0/7
  2552 | D:2      | Noticed Ijyb
  2597 | D:2      | Slain by Ijyb

Action                   || total
-------------------------++-------
Melee: Mace              ||    20
       Club              ||     2
       Unarmed           ||     1
Throw: Stone             ||    39
       Javelin           ||     5
 Cast: Shock             ||    81
       Repel Missiles    ||     3
  Eat: Bread ration      ||     1
       Chunk             ||     2

Vault maps used:
D:1:      lemuel_arrival_cross
D:2:      nemelex_deck, uniq_iyjb
